 Dungeon Crawl Stone Soup version 0.31.0-32-g396128a36d (webtiles) character file.

Game seed: 13981291131709084719

55 cdecastro the Cudgeller (level 3, -2/29 HPs)
             Began as an Armataur Warper on Mar 8, 2024.
             Slain by Natasha (4 damage)
             ... on level 3 of the Dungeon.
             The game lasted 00:02:45 (1490 turns).

cdecastro the Cudgeller (Armataur Warper)           Turns: 1490, Time: 00:02:45

Health: -2/29      AC:  6    Str: 18    XL:     3   Next: 67%
Magic:  5/5        EV:  7    Int: 13    God:
Gold:   96         SH:  0    Dex:  9    Spells: 5/5 levels left

rFire   . . .        a - +0 mace
rCold   . . .        (no shield)
rNeg    . . .        n - +0 scale mail
rPois   .            (no helmet)
rElec   .            (no cloak)
rCorr   .            (no gloves)
SInv    .            (no barding)
Will    .....        (no amulet) Stlth
                     (no ring)
HPRegen 0.24/turn    (no ring)
MPRegen 0.09/turn

%: roll
@: no status effects
A: large, deformed body, tough skin 3, armoured tail, roll 1
a: no special abilities


You were on level 3 of the Dungeon.
You visited 1 branch of the dungeon, and saw 3 of its levels.

You collected 96 gold pieces.

Inventory:

Hand Weapons
 a - a +0 mace (weapon)
Missiles
 d - 7 darts of dispersal (quivered)
 f - 4 javelins
Armour
 b - a +0 leather armour
 m - a +0 ring mail
 n - a +0 scale mail (worn)
Jewellery
 i - a ring of ice
Scrolls
 c - 4 scrolls of blinking
 g - a scroll of teleportation {unknown}
 h - 3 scrolls of identify {unknown}
 j - a scroll of noise {unknown}
 k - a scroll of enchant weapon {unknown}
 l - a scroll of fog {unknown}
 o - a scroll of amnesia {unknown}
Potions
 e - a potion of brilliance {unknown}
 p - a potion of curing {unknown}
 q - 3 potions of heal wounds {unknown}
 r - a potion of ambrosia {unknown}


   Skills:
 - Level 1.7 Fighting
 + Level 3.7 Maces & Flails
 - Level 0.8 Throwing
 - Level 1.2 Armour
 - Level 1.3 Dodging
 - Level 1.7 Spellcasting
 - Level 3.0 Translocations


You had 5 spell levels left.
You didn't know any spells.
Your spell library contained the following spells:

 Spells                   Type           Power      Damage    Failure   Level
 Blink                    Tloc           16%        N/A       36%         2
 Lesser Beckoning         Tloc           16%        N/A       36%         2
 Teleport Other           Tloc           8%         N/A       58%         3
 Shock                    Conj/Air       4%         1d3       65%         1
 Manifold Assault         Tloc           8%         N/A       94%         4
 Swiftness                Air            1%         N/A       95%         3
 Vhi's Electric Charge    Tloc/Air       10%        N/A       99%         4
 Airstrike                Air            0%         2d(1-17)  100%        4
 Dispersal                Tloc           4%         N/A       100%        6
 Disjunction              Tloc           4%         N/A       100%        8


Dungeon Overview and Level Annotations

Branches:
Dungeon (3/15)

Altars:
Vehumet

Annotations:
D:3 Natasha


Innate Abilities, Weirdness & Mutations

Armour fits poorly on your strangely shaped body.
You have extremely tough skin. (AC +3)
You have a long armoured tail.
You regenerate magic when rolling toward enemies. (Rampage MPRegen)


Message History

Natasha claws you.
You hit Natasha.
Natasha is moderately wounded.
Natasha mewls in sadness.
Natasha claws you but does no damage.
You barely miss Natasha.
Your tail-slap misses Natasha.
Natasha is moderately wounded.
Natasha mumbles some strange words.
You feel troubled. Natasha claws you!
You hit Natasha but do no damage.
Natasha is moderately wounded.
Natasha claws you.
* * * LOW HITPOINT WARNING * * *
Natasha claws you.
* * * LOW HITPOINT WARNING * * *
You hit Natasha but do no damage.
Natasha is moderately wounded.
Natasha claws you.
* * * LOW HITPOINT WARNING * * *
Unknown command.
You hit Natasha.
Natasha is severely wounded.
Natasha claws you but does no damage.
Unknown command.
You closely miss Natasha.
Your tail-slap misses Natasha.
Natasha is severely wounded.
Natasha claws you but does no damage.
Unknown command.
You closely miss Natasha.
Natasha is severely wounded.
Natasha barely misses you.
Unknown command.
You barely miss Natasha. You tail-slap Natasha.
Natasha is severely wounded.
Natasha claws you!
* * * LOW HITPOINT WARNING * * *
Natasha claws you.
You die...
Natasha begins licking her fur clean.

#.# #.# .##. #.#
#.#.. #5# #.#.# #.#
#.#.##.# #h#
#.#.##.# #.#
#.#.##.#
#####.####.#.##.###.
#..)..h.5..#@.......
##.#######.#h##.####
#.....)......##.#
##########.#.##.#
#...........#
##.###.##########
#.#....)...<...#
#.#.#.########.#
#....># #.#


You could see Natasha.

Vanquished Creatures
  An adder (D:2)
  A dart slug (D:2)
  An orc (D:3)
  6 ball pythons
  2 endoplasms (D:2)
  A giant cockroach (D:1)
  5 goblins
  6 hobgoblins (D:1)
  4 bats
  3 frilled lizards
  6 kobolds
  2 rats
38 creatures vanquished.

Notes
Turn   | Place    | Note
-------+----------+-------------------------------------------
     0 | D:1      | cdecastro the Armataur Warper began the quest for the Orb.
     0 | D:1      | Reached XP level 1. HP: 17/17 MP: 3/3
   152 | D:1      | Reached XP level 2. HP: 24/24 MP: 4/4
   537 | D:2      | Reached XP level 3. HP: 29/29 MP: 5/5
   698 | D:2      | Found a radiant altar of Vehumet.
  1440 | D:3      | Noticed Natasha
  1490 | D:3      | Slain by Natasha

Illustrated notes

Levels and vault maps discovered:
D:1:      doesnt_arrival_eight_statues, layout_rooms, minmay_tetromino_t2
D:2:      layout_loops_ring, basic_altar, hex_tiny, minmay_liquid_box
D:3:      layout_basic, fedhas_altar_fruit_tree, uniq_natasha

Skill      XL: |  1  2 |
---------------+-------+-----
Maces & Flails | 2 3 |  3.7
Fighting       | |  1.7
Throwing       | |  0.8
Armour         | |  1.2
Dodging        | |  1.3
Spellcasting   | |  1.7
Translocations | |  3.0

Action                     || total
---------------------------++-------
  Melee: Mace              ||   149
         Tailslap          ||    12
         Punch             ||     2
 Armour: Leather armour    ||    71
         Scale mail        ||    41
         Ring mail         ||    14
  Dodge: Dodged            ||    87
